 Dungeon Crawl Stone Soup version 0.29-a0-668-g12ee2bf84d (webtiles) character file.

Game seed: 5829320296594289296

46 happo123 the Digger (level 3, 0/20 HPs)
             Began as a Gargoyle Earth Elementalist on June 23, 2022.
             Slain by Crazy Yiuf
             ... wielding a +2 quarterstaff of chaos
              (6 damage)
             ... on level 2 of the Dungeon.
             The game lasted 00:11:10 (1517 turns).

happo123 the Digger (Gargoyle Earth Elementalist)   Turns: 1517, Time: 00:11:10

Health: 0/20       AC:  6    Str: 11    XL:     3   Next: 68%
Magic:  5/6        EV: 18    Int: 17    God:
Gold:   44         SH:  0    Dex: 10    Spells: 2/6 levels left

rFire   + + .      SeeInvis .   (weapon currently unavailable)
rCold   + + .      Faith    .   (shield currently unavailable)
rNeg    + + +      Spirit   .   (body armour currently unavailable)
rPois   ∞          Reflect  .   (helmet currently unavailable)
rElec   +          Harm     .   (cloak currently unavailable)
rCorr   +          Rampage  .   (gloves currently unavailable)
Will    .....                   (boots currently unavailable)
Stlth   ++........              (amulet currently unavailable)
HPRegen 0.06/turn               (ring currently unavailable)
MPRegen 0.10/turn               (ring currently unavailable)

@: wisp-form, flying
A: insubstantial, flying, no casting, sickness immunity, AC +3, tiny, negative
energy resistance 1, (electricity resistance), torment resistance 1,
petrification resistance
a: no special abilities


You were on level 2 of the Dungeon.
You were an insubstantial wisp.
You visited 1 branch of the dungeon, and saw 2 of its levels.

You collected 44 gold pieces.

Inventory:

Hand Weapons
 c - a +0 club
 n - a +0 hand crossbow (melded)
Missiles
 h - a throwing net
Armour
 a - a +0 robe (melded)
 m - a +0 leather armour
 o - a +0 cloak (melded)
Jewellery
 g - a ring of protection from cold
 i - a ring of protection from fire
 j - a ring of fire (melded)
 p - a +4 ring of protection (melded)
Scrolls
 d - a scroll of poison {unknown}
 f - 2 scrolls of identify {unknown}
 q - a scroll of acquirement {unknown}
Potions
 b - a potion of magic
 e - a potion of cancellation {unknown}
 k - 2 potions of curing {unknown}
 l - a potion of might {unknown}
 r - a potion of brilliance {unknown}


   Skills:
 + Level 0.8 Fighting
 + Level 0.0 Crossbows
 + Level 0.8 Armour
 + Level 1.8 Dodging
 + Level 2.5 Stealth
 + Level 2.2 Spellcasting
 * Level 1.4 Transmutations
 * Level 4.1 Earth Magic


You had 2 spell levels left.
You knew the following spells:

 Your Spells              Type           Power      Damage    Failure   Level
a - Sandblast             Erth           32%        2d9       3%          1
b - Stone Arrow           Conj/Erth      16%        3d8       24%         3

Your spell library contained the following spells:

 Spells                   Type           Power      Damage    Failure   Level
 Passwall                 Tmut/Erth      9%         N/A       9%          2
 Sting                    Tmut/Pois      16%        1d3       14%         1
 Poisonous Vapours        Pois/Air       2%         N/A       28%         2
 Ignite Poison            Fire/Tmut/Pois 3%         N/A       43%         3
 Conjure Flame            Conj/Fire      1%         6-21      50%         3
 Petrify                  Tmut/Erth      11%        N/A       52%         4
 Olgreb's Toxic Radiance  Pois           1%         N/A       88%         4
 Sticky Flame             Conj/Fire      1%         2d3       88%         4


Dungeon Overview and Level Annotations

Branches:
Dungeon (2/15)

Altars:

Annotations:
D:2 Crazy Yiuf


Innate Abilities, Weirdness & Mutations

You are an insubstantial wisp.
Your tiny insubstantial body is highly resistant to most damage types.
You are flying.
Your equipment is entirely melded.
You are incapable of wielding weapons or throwing items.
You cannot cast spells.
You are immune to sickness and miasma.
((Your stone body is resilient. (AC +3)))
You are immune to poison.
You resist negative energy. (rN+)
((You are resistant to electric shocks. (rElec)))
You are resistant to unholy torment.
You are immune to petrification.


Message History

Aim: a frilled lizard (wandering, hasn't noticed you, 35% to hit)
You shoot a bolt. The frilled lizard hisses angrily.
The bolt hits the frilled lizard!
You kill the frilled lizard!
r - a fizzy red potion Partly explored, can't reach some places.
Shoot: n) +0 hand crossbow
Press: ? - help, Shift-Dir - straight line, f - fungus
Aim: a fungus (98% to hit)
You shoot a bolt. The bolt hits the fungus.
The fungus begins to die.
The fungus is lightly damaged.
A nearby fungus withers and dies.
Found a mace.
Found a runed translucent door.
Annotate which branch? (. - D:2, ? - help, ! - show branch list)
Okay, then.
You open the door.
Crazy Yiuf zaps a wand.
You resist with significant effort.
Aiming: Sandblast (safe; 3% risk of failure)
Press: ? - help, Q - select action, (/) - cycle Shift-Dir - straight line, f - Crazy Yiuf
Aim: Crazy Yiuf, wielding a +2 quarterstaff of chaos, wearing a +0 cloak and carrying a wand of polymorph (8) (82% to hit)
The blast of sand hits Crazy Yiuf.
Crazy Yiuf is lightly wounded.
Crazy Yiuf zaps a wand.
You turn into an insubstantial wisp.
Your +0 hand crossbow melds into your body.
Your +0 cloak melds into your body.
Your +0 robe melds into your body.
Your +4 ring of protection melds into your body.
Your ring of fire melds into your body.
You can't do that in your present form.
Crazy Yiuf barely misses you.
There is an open translucent door here.
You barely miss Crazy Yiuf.
Crazy Yiuf is lightly wounded.
Crazy Yiuf hits you with a +2 quarterstaff of chaos!
Ouch! That really hurt!
Crazy Yiuf freezes you.
* * * LOW HITPOINT WARNING * * *
Crazy Yiuf cries, "Mama!"
Crazy Yiuf attacks as you move away!
Crazy Yiuf hits you with a +2 quarterstaff of chaos.
You die...

#........##
#.####....#
#.# #....#
#.# ♣♣PP.♣
#.# ♣PP.♣
#.# ♣♣.♣♣
#.# ♣♣.♣
#.# ♣.♣♣
#.# ♣♣v♣
#.# ♣g♣♣
#.# #'# #.#
#...# #.#
#...#
###### #.#
#)..#
.....# #.#
#####
.....# #.#
.....#
#.#######


You could see Crazy Yiuf.

Vanquished Creatures
  4 endoplasms
  2 giant cockroaches
  5 goblins
  9 hobgoblins
  A jackal (D:2)
  4 kobolds
  A quokka (D:1)
  6 ball pythons (D:2)
  A bat (D:1)
  3 frilled lizards
  5 rats
41 creatures vanquished.

Vanquished Creatures (others)
  A fungus (D:2)
1 creature vanquished.

Grand Total: 42 creatures vanquished

Notes
Turn   | Place    | Note
-------+----------+-------------------------------------------
     0 | D:1      | happo123 the Gargoyle Earth Elementalist began the quest
                  | for the Orb.
     0 | D:1      | Reached XP level 1. HP: 10/10 MP: 3/3
   123 | D:1      | Reached skill level 1 in Transmutations
   123 | D:1      | Reached XP level 2. HP: 10/15 MP: 3/5
   506 | D:1      | Found a faded altar of an unknown god.
   581 | D:1      | Reached skill level 4 in Earth Magic
   795 | D:2      | Reached XP level 3. HP: 20/20 MP: 6/6
   799 | D:2      | Learned a level 3 spell: Stone Arrow
  1507 | D:2      | Found a runed translucent door.
  1508 | D:2      | Noticed Crazy Yiuf
  1517 | D:2      | Slain by Crazy Yiuf

Illustrated notes

Levels and vault maps discovered:
D:1:      ncdulo_halloftheorcs, layout_basic,
          hellmonk_ecumenical_altar_pennies_from_heaven
D:2:      layout_rooms, roderic_lattice_a, st_stairs_14, uniq_crazy_yiuf_cottage

Skill      XL: |  1  2 |
---------------+-------+-----
Transmutations | 1 |  1.4
Earth Magic    | 4 |  4.1
Fighting       | |  0.8
Armour         | |  0.8
Dodging        | |  1.8
Stealth        | |  2.5
Spellcasting   | |  2.2

Action                   || total
-------------------------++-------
Melee: Club              ||    33
       Unarmed           ||     1
 Fire: Hand crossbow     ||    11
 Cast: Sandblast         ||    39
Armor: Robe              ||     9
Dodge: Dodged            ||    35

Table legend: (Time is in decaauts)
 A = Elapsed time spent in this place.
 B = Non-inter-level travel time spent in this place.
 C = Inter-level travel time spent in this place.
 D = Time resting spent in this place.
 E = Time spent auto-exploring this place.
 F = Levels seen in this place.
 G = Mean time per level.
                   A        B        C        D        E       F      G
               +--------+--------+--------+--------+--------+-----+--------+
         Total |   1570 |    944 |    626 |      0 |    617 |   2 |  785.0 |
       Dungeon |   1570 |    944 |    626 |      0 |    617 |   2 |  785.0 |
               +--------+--------+--------+--------+--------+-----+--------+

Top non-repeatable levels by time:
     D:1: 811 daAuts
     D:2: 758 daAuts
